cohdb
Replays
Latest Replays
All Replays
Popular Replays
Top Player Replays
Match Explorer
How It Works
Community
CoH3 Stats
Reddit
Sign in to upload your games and track your stats! →
Sign in with Steam
Match 43685162
Unlisted
Match 43685162
Overview
Messages
Build Orders
End
Royal Engineer Section
Construct Section Command Post
Selects Heavy Armor Battlegroup
Vickers Machine Gun Team
Dingo Light Scout Car
ML 3-inch Mortar Team
Infantry Section
Infantry Section
Construct Platoon Command Post
Selects Rigorous Vehicle Training
Unlock M3 Stuart Light Tanks
M3 Stuart Light Tank
Construct Field Infirmary
Selects Light Vehicle Withdraw and Refit
Selects Radio Net
M3 Stuart Light Tank
6-pounder Anti-tank Gun Team
Construct Company Command Post
Vickers Machine Gun Team
Selects Recon Artillery
Recon Artillery
Crusader II Medium Tank
Selects Forward Repair Assembly
Crusader II Medium Tank
Crusader II Medium Tank
Recon Artillery
Crusader II Medium Tank
Crusader II Medium Tank
Radio Net
Crusader II Medium Tank
Selects UNKNOWN (2162094)
Churchill IV Heavy Tank
Recon Artillery
Crusader II Medium Tank
Floucs
_Rourke_
max
Norbert
Joraad
BaneTrain
snake
Halation
0
0
Comments
sign in to comment!
No comments posted yet!